 Dungeon Crawl Stone Soup version 0.25.1-2-g60ff931df9 (webtiles) character file.

Game seed: 1969345189572078682

11913 humannomore the Grappler (level 11, -8/156 HPs)
             Began as a Troll Berserker on Sept 10, 2020.
             Was a High Priest of Trog.
             Mangled by a ten-headed hydra (13 damage)
             ... on level 2 of the Lair of Beasts.
             The game lasted 01:01:40 (10975 turns).

humannomore the Grappler (Troll Berserker)         Turns: 10975, Time: 01:01:41

Health: -8/156     AC: 12    Str: 30    XL:     11   Next: 55%
Magic:  0/10       EV: 12    Int:  3    God:    Trog [*****.]
Gold:   563        SH:  0    Dex:  9    Spells: 10/10 levels left

rFire    . . .     SeeInvis +     - Unarmed
rCold    . . .     Gourm    +   (no shield)
rNeg     . . .     Faith    .   B - +1 acid dragon scales
rPois    .         Spirit   +   F - +0 hat
rElec    .         Reflect  .   (no cloak)
rCorr    +         Harm     .   (gloves unavailable)
MR       .....                  (boots unavailable)
Stlth    ..........             G - amulet of guardian spirit
HPRegen  0.76/turn              D - ring of stealth
MPRegen  0.12/turn              H - ring of see invisible

@: berserking, very quick
A: large, unfitting armour, claws 3, fast metabolism 3, gourmand, regeneration
1, shaggy fur 1, tough skin 3
a: Berserk, Trog's Hand, Brothers in Arms, Renounce Religion


You were on level 2 of the Lair of Beasts.
You worshipped Trog.
Trog was extremely pleased with you.
You were full.

You visited 2 branches of the dungeon, and saw 12 of its levels.

You collected 563 gold pieces.

Inventory:

Hand Weapons
 q - a +2 falchion of distortion
 w - a +2 vorpal shortbow
Missiles
 N - 4 boomerangs (quivered)
Armour
 a - a +0 animal skin
 m - a +0 troll leather armour
 p - the +2 robe "Uxzinei" {+Fly rPois rF++ Dex-3}
   (You found it on level 5 of the Dungeon)

   It affects your dexterity (-3).
   It greatly protects you from fire.
   It protects you from poison.
   It lets you fly.
 B - +1 acid dragon scales (worn)
 F - a +0 hat (worn)
 O - a +0 robe
Magical Staves
 K - an uncursed staff of summoning {unknown}
Jewellery
 A - an uncursed ring of ice
 D - a ring of stealth (left claw)
 G - an amulet of guardian spirit (around neck)
 H - a ring of see invisible (right claw)
 J - an uncursed ring of stealth
 M - an uncursed ring of wizardry
 P - an uncursed amulet of regeneration
Wands
 f - a wand of acid (2)
 o - a wand of clouds (6)
 x - a wand of polymorph (17)
 I - a wand of digging (1)
Scrolls
 d - 11 scrolls of remove curse
 g - 3 scrolls of amnesia
 i - a scroll of fog
 k - 3 scrolls of teleportation
 r - 2 scrolls of enchant weapon
 v - a scroll of immolation
 y - a scroll of blinking
 z - a scroll of summoning
 R - a scroll of acquirement
 T - a scroll of holy word {unknown}
 U - a scroll of enchant armour
Potions
 c - a potion of curing
 e - 4 potions of might
 h - a potion of ambrosia
 j - 2 potions of stabbing
 l - 3 potions of brilliance
 n - 3 potions of haste
 s - a potion of berserk rage {unknown}
 t - a potion of mutation
 u - 2 potions of degeneration
 C - a potion of resistance
 E - a potion of cancellation
 Q - a potion of invisibility {unknown}
Miscellaneous
 L - a phantom mirror
 S - a phial of floods
Comestibles
 b - 27 rations


   Skills:
 + Level 5.5 Fighting
 + Level 1.1 Throwing
 + Level 3.9 Armour
 + Level 7.6 Dodging
 + Level 2.8 Stealth
 + Level 13.4 Unarmed Combat
 + Level 0.9 Evocations


You had 10 spell levels left.
You didn't know any spells.
Your spell library contained the following spells:

 Spells                   Type           Power        Failure   Level  Hunger
 Animate Skeleton         Necr           N/A          58%         1    ##.....
 Apportation              Tloc           #.....       58%         1    ##.....
 Corona                   Hex            #......      58%         1    ##.....
 Freeze                   Ice            #...         58%         1    ##.....
 Sting                    Tmut/Pois      #...         58%         1    ##.....
 Summon Small Mammal      Summ           #...         58%         1    ##.....
 Poisonous Vapours        Pois/Air       #.....       73%         2    ###....
 Frozen Ramparts          Ice            #.....       91%         3    ####...
 Ignite Poison            Fire/Tmut/Pois #.......     91%         3    ####...
 Mephitic Cloud           Conj/Pois/Air  #.......     91%         3    ####...
 Ozocubu's Armour         Chrm/Ice       #.......     91%         3    ####...
 Recall                   Summ/Tloc      N/A          91%         3    ####...
 Animate Dead             Necr           N/A          100%        4    #####..
 Hailstorm                Conj/Ice       #.......     100%        4    #####..
 Olgreb's Toxic Radiance  Pois           #.......     100%        4    #####..
 Summon Ice Beast         Ice/Summ       #.......     100%        4    #####..
 Borgnjor's Vile Clutch   Necr/Erth      #.........   100%        5    ######.
 Death Channel            Necr           #.........   100%        6    #######
 Simulacrum               Ice/Necr       #.........   100%        6    #######


Dungeon Overview and Level Annotations

Branches:
Dungeon (9/15)             Temple (0/1) D:4            Lair (3/6) D:9
  Swamp: Lair:2-4    Shoals: Lair:2-4     Snake: Lair:2-4    Spider: Lair:2-4
    Orc: D:9-12

Altars:
Ashenzari
Fedhas
Kikubaaqudgha
Nemelex Xobeh
Okawaru
Qazlal
Trog
Xom
Zin
The Shining One

Shops:
D:6 !


Innate Abilities, Weirdness & Mutations

You are too large for most types of armour.
You have claws for hands.
Your metabolism is lightning-fast.
You like to eat raw meat.
Your natural rate of healing is unusually fast.
You are covered in fur. (AC +1)
You have extremely tough skin. (AC +3)


Message History

* * * LOW HITPOINT WARNING * * *
The ten-headed hydra bites you.
* * * LOW HITPOINT WARNING * * *
The ten-headed hydra bites you but does no damage.
The ten-headed hydra bites you.
* * * LOW HITPOINT WARNING * * *
The ten-headed hydra bites you.
* * * LOW HITPOINT WARNING * * *
The ten-headed hydra bites you!
* * * LOW HITPOINT WARNING * * *
The ten-headed hydra bites you but does no damage.
A red film seems to cover your vision as you go berserk!
You feel yourself moving faster!
You feel mighty!
You feel quite a bit less full. The ten-headed hydra barely misses you.
The ten-headed hydra bites you but does no damage.
The ten-headed hydra bites you.
* * * LOW HITPOINT WARNING * * *
The ten-headed hydra bites you but does no damage. x2
The ten-headed hydra barely misses you. The ten-headed hydra bites you!
You die...

P#..........##....###'# .
...#........#....##.... ..
.........[..........8.
..###............#.......
#.#............##..8..>.
#...............(......
##...........##.......8.
...#..#.....D......#..........
.#..........@....#...8..#....
.......................#...8.
#...............#..b..##....
#..............##.....#.....
#.............(###'#+.......
###.............####..)..##.#+
#...............# #P..........
##..............# ###.........
##......<.).....## #..........


You could see a ten-headed hydra.

Vanquished Creatures
  Gastronok (Lair:1)
  The ghost of xsansara the Slinger, a novice HaHu of Okawaru (D:8)
  An orc knight (D:9)
  A wolf spider (D:9)
  A cyclops (D:8)
  4 spiny frogs
  A komodo dragon (Lair:2)
  Maggie (D:9)
  The ghost of DildoBatman the Conjurer, a novice FoWz (D:4)
  3 trolls
  2 hippogriffs
  A yak (D:9)
  A basilisk (Lair:2)
  4 water moccasins
  2 porcupines (Lair:2)
  A phantom (D:8)
  3 sky beasts
  An orc warrior (D:9)
  3 ice beasts
  2 black bears (D:9)
  4 ogres
  4 centaurs
  6 crocodiles
  Blork the orc (D:6)
  2 big kobolds (D:9)
  8 bullfrogs
  A scorpion (D:6)
  8 killer bees
  A howler monkey (D:5)
  3 crimson imps
  9 hounds
  6 jellies
  11 orc wizards
  A bullfrog skeleton (D:4)
  A gnoll shaman (D:8)
  3 orc priests
  An iguana (D:9)
  8 worker ants
  A killer bee zombie (D:9)
  A hound zombie (D:8)
  A worker ant zombie (D:9)
  3 gnolls (D:8)
  7 adders
  A shadow imp (D:5)
  An adder zombie (D:9)
  2 oozes
  2 adder skeletons (D:8)
  4 worms
  4 dart slugs
  2 leopard geckos
  17 orcs
  3 ball pythons
  5 bats
  3 giant cockroaches
  3 goblins
  8 hobgoblins
  6 jackals
  4 quokkas
  3 frilled lizards
  3 jackal skeletons
  9 kobolds
  A leopard gecko skeleton (D:9)
  A leopard gecko zombie (D:6)
  A quokka zombie (D:9)
  5 rats
  A fungus (Lair:1)
  2 plants
217 creatures vanquished.

Vanquished Creatures (others)
  A fungus (Lair:2)
1 creature vanquished.

Grand Total: 218 creatures vanquished

Notes
Turn   | Place    | Note
-------+----------+-------------------------------------------
     0 | D:1      | humannomore the Troll Berserker began the quest for the
                  | Orb.
     0 | D:1      | Reached XP level 1. HP: 22/22 MP: 0/0
   223 | D:1      | Reached XP level 2. HP: 29/29 MP: 1/1
  1145 | D:2      | Reached XP level 3. HP: 36/36 MP: 2/2
  1188 | D:2      | Reached ** piety under Trog
  1398 | D:2      | Found a glowing golden altar of the Shining One.
  2052 | D:3      | Reached skill level 4 in Unarmed Combat
  2139 | D:3      | Found an iron altar of Okawaru.
  2161 | D:3      | Reached XP level 4. HP: 44/44 MP: 3/3
  2558 | D:3      | Found an ancient bone altar of Kikubaaqudgha.
  2558 | D:3      | Found a sparkling altar of Nemelex Xobeh.
  2559 | D:3      | Found a shimmering altar of Xom.
  2933 | D:4      | Reached XP level 5. HP: 51/53 MP: 4/4
  3091 | D:4      | Reached skill level 5 in Unarmed Combat
  3124 | D:4      | You fall into a shaft and drop 2 floors!
  3150 | D:6      | Reached *** piety under Trog
  3150 | D:6      | Reached XP level 6. HP: 41/61 MP: 5/5
  3263 | D:5      | Entered Level 5 of the Dungeon
  3288 | D:5      | Got a transparent robe
  3299 | D:5      | Identified the +2 robe "Uxzinei" {+Fly rPois rF++ Dex-3}
                  | (You found it on level 5 of the Dungeon)
  3335 | D:5      | Reached skill level 6 in Unarmed Combat
  3582 | D:4      | Found a shattered altar of Ashenzari.
  3701 | D:4      | Found a staircase to the Ecumenical Temple.
  3729 | D:4      | Reached XP level 7. HP: 64/67 MP: 6/6
  3778 | D:4      | Found a runed translucent door.
  3778 | D:4      | Noticed DildoBatman's ghost (novice FoWz)
  3791 | D:4      | Reached skill level 1 in Stealth
  3802 | D:4      | Killed DildoBatman's ghost
  3802 | D:4      | Reached skill level 7 in Unarmed Combat
  3951 | D:4      | Found a bloodstained altar of Trog.
  4457 | D:5      | Reached XP level 8. HP: 57/75 MP: 7/7
  4796 | D:6      | Noticed Blork the orc
  4804 | D:6      | Killed Blork the orc
  4804 | D:6      | Reached skill level 8 in Unarmed Combat
  4951 | D:6      | Found Okuuc's Distillery.
  5235 | D:6      | Reached **** piety under Trog
  5371 | D:6      | Reached skill level 5 in Dodging
  5641 | D:7      | Found a glowing silver altar of Zin.
  5780 | D:7      | Reached skill level 9 in Unarmed Combat
  5900 | D:7      | Noticed a hippogriff
  5916 | D:7      | Killed a hippogriff
  5916 | D:7      | Reached XP level 9. HP: 58/84 MP: 8/8
  6282 | D:8      | Noticed a cyclops
  6302 | D:8      | Killed a cyclops
  6393 | D:8      | Reached skill level 10 in Unarmed Combat
  6757 | D:8      | Found a transporter.
  6779 | D:8      | Found a transporter.
  6783 | D:8      | Noticed xsansara's ghost (novice HaHu)
  6876 | D:8      | Killed xsansara's ghost
  7070 | D:9      | Noticed a troll
  7079 | D:9      | Reached ***** piety under Trog
  7084 | D:9      | HP: 1/84 [worker ant (6)]
  7181 | D:9      | Noticed Maggie
  7189 | D:9      | Killed Maggie
  7189 | D:9      | Reached skill level 11 in Unarmed Combat
  7189 | D:9      | Reached XP level 10. HP: 75/94 MP: 9/9
  7486 | D:9      | Found a staircase to the Lair.
  7844 | D:9      | Reached skill level 1 in Armour
  7886 | D:9      | Noticed an orc knight
  7887 | D:9      | Noticed a wolf spider
  7898 | D:9      | Killed an orc knight
  7904 | D:9      | Killed a wolf spider
  7904 | D:9      | Reached skill level 12 in Unarmed Combat
  8130 | D:9      | Found a stormy altar of Qazlal.
  8132 | D:9      | Found a blossoming altar of Fedhas.
  8735 | D:9      | Reached skill level 5 in Fighting
  8854 | Lair:1   | Entered Level 1 of the Lair of Beasts
  8897 | Lair:1   | Noticed Gastronok
  8924 | Lair:1   | Killed Gastronok
  8924 | Lair:1   | Reached XP level 11. HP: 57/104 MP: 2/10
  9715 | Lair:1   | Noticed Sonja
  9721 | Lair:1   | Noticed Sonja
  9721 | Lair:1   | Sonja changed into Sonja the troll
  9727 | Lair:1   | Killed Sonja the troll
  9727 | Lair:1   | Reached skill level 13 in Unarmed Combat
 10393 | Lair:2   | You fall into a shaft and drop 1 floor!
 10395 | Lair:3   | Noticed a seven-headed hydra
 10589 | Lair:2   | Reached skill level 1 in Throwing
 10667 | Lair:2   | Identified a scroll of acquirement
 10960 | Lair:2   | Noticed a six-headed hydra
 10975 | Lair:2   | HP: 5/156 [ten-headed hydra (5)]
 10975 | Lair:2   | Mangled by a ten-headed hydra

Illustrated notes

Levels and vault maps discovered:
D:1:      denvon_arrival_planthouse, layout_basic, serial_co_window_serial,
          co_window_paths_b, co_window_paths_b, co_window_corner_a,
          co_window_of_opportunity_a, co_window_corner_a, co_window_corner_a,
          co_window_paths_c, co_window_corner_ca, co_window_unsneaky_path_a,
          co_window_of_opportunity_c, co_window_corner_ca, glass_columns_a,
          glass_columns_a, grunt_decor_cap
D:2:      layout_basic, first_ration, tso_altar
D:3:      layout_basic, lemuel_doored_altar, gammafunk_temple_overflow_forgotten
D:4:      layout_basic, lightli_temple_of_fire, kennysheep_mini_moat,
          temple_doors_e, ebering_ghost_inner_flame
D:5:      layout_loops_ring
D:6:      layout_cave_pools, serial_shops, shop_fountains,
          kennysheep_opposing_triangles, uniq_blork_the_orc
D:7:      layout_basic, zin_statuary, the_bakery, uniq_pikel, uniq_duvessa
D:8:      layout_rooms, gammafunk_ghost_arena
D:9:      minmay_the_grid_four_pointed_star
          [minmay_the_grid_triangle_9x9_stretched_checkered,
          minmay_the_grid_triangle_9x9_shrine,
          minmay_the_grid_triangle_9x9_dagger,
          minmay_the_grid_triangle_9x9_cache,
          minmay_the_grid_prize_diamond_cup], layout_basic,
          nicolae_qazlal_style_of_elements, uniq_maggie
Lair:1:   layout_chaotic_city, minivault_11, infiniplex_staircase_pool_2,
          grunt_megastairs_4, lemuel_fruit_tree, uniq_gastronok, uniq_sonja
Lair:2:   layout_cave_pods, minivault_23, lemuel_fruit_fields,
          lemuel_fruit_fields, grunt_megastairs_3, lemuel_fruit_fields
Lair:3:   layout_chaotic_city, portal_ice_cave_entry_ice_beasts, st_stairs_5,
          serial_bayou_pond_c

Skill      XL: |  1  2  3  4  5  6  7  8  9 10 11 |
---------------+----------------------------------+-----
Unarmed Combat | 4 5 6 7 9 11 12 13 | 13.4
Fighting       | 3 4 5 |  5.5
Dodging        | 3 4 5 6 7 |  7.6
Stealth        | 1 2 |  2.8
Armour         | 3 |  3.9
Throwing       | 1 |  1.1
Evocations     | |  0.9

Action                   |  1- 3 |  4- 6 |  7- 9 | 10-12 || total
-------------------------+-------+-------+-------+-------++-------
Melee: Unarmed           |   104 |   100 |   239 |   262 ||   705
       Punch             |     1 |     3 |     8 |    16 ||    28
Throw: Throwing net      |       |     1 |       |       ||     1
       Dart              |       |       |       |     2 ||     2
       Boomerang         |       |       |       |    10 ||    10
Invok: Berserk           |       |     2 |     3 |    10 ||    15
Evoke: Wand              |       |     4 |     1 |     3 ||     8
  Use: Scroll            |     6 |    11 |     6 |     7 ||    30
       Potion            |       |       |     3 |     4 ||     7
 Stab: Sleeping          |     2 |     1 |     1 |     3 ||     7
  Eat: Chunk             |    24 |    12 |    33 |    41 ||   110
       Ration            |       |       |     2 |       ||     2
Armor: Animal skin       |    28 |    54 |    63 |       ||   145
       Skin              |       |       |    16 |       ||    16
       Acid dragon scale |       |       |       |   112 ||   112
Dodge: Dodged            |    51 |    69 |   114 |   169 ||   403
